TOP OF THE 1ST |
Calgary Lynx batting - Pitching for Pawnee ParksNRec : LHP Luis Cuero
|
Pitching: LHP Luis Cuero
|
|
Batting: RHB Jing-sheng Joo
|
0-0: Called Strike 0-1: Foul Ball, location: 2F 0-2: Ball 1-2: Fly out, F7 (Flyball, 7D)
|
Batting: LHB Francisco Santos
|
0-0: Ball 1-0: Foul Ball, location: 2F 1-1: Foul Ball, location: 2F 1-2: Hit by Pitch
|
Batting: RHB Ray Skipworth
|
0-0: SINGLE (Flyball, 78M) Francisco Santos to second
|
Batting: RHB Jesús Martínez
|
0-0: Called Strike 0-1: Ball 1-1: Ball 2-1: SINGLE (Groundball, 56D) Francisco Santos to third Ray Skipworth to second Runner from 3rd tries for Home, SAFE, throw made home
|
Batting: RHB Miguel Rosales
|
0-0: Fielders Choice at 2nd, 3-6 (Groundball, 3) Ray Skipworth to third
|
Batting: RHB Bass Reeves
|
0-0: Ball 1-0: Ball 2-0: Ball 3-0: Base on Balls Miguel Rosales to second
|
Batting: SHB Lowell Moon
|
0-0: Called Strike 0-1: Ball 1-1: Swinging Strike 1-2: DOUBLE (Line Drive, 7LM) Ray Skipworth scores Miguel Rosales scores Bass Reeves to third Runner from 3rd tries for Home, SAFE, no throw
|
Batting: RHB Ieyoshi Yamamoto
|
0-0: Ground out 4-3 (Groundball, 4)
|
Top of the 1st over - 4 runs, 3 hits, 0 errors, 1 left on base; Calgary 4 - Pawnee 0 |
BOTTOM OF THE 1ST |
Pawnee ParksNRec batting - Pitching for Calgary Lynx : RHP Juan López
|
Pitching: RHP Juan López
|
|
Batting: SHB Júlio Camacho
|
0-0: Ball 1-0: Ball 2-0: Ball 3-0: Base on Balls
|
Batting: SHB Dennis Barraclough
|
0-0: Called Strike 0-1: Foul Ball, location: 2F 0-2: Fly out, F6 (Popup, 56)
|
Batting: RHB Nick Boyd
|
0-0: Ball 1-0: Fly out, F9 (Flyball, 9S)
|
Batting: RHB Daryl Moran
|
0-0: Ball 1-0: Ball 2-0: Ball 3-0: Called Strike 3-1: Base on Balls Júlio Camacho to second
|
Batting: RHB Ken Bone
|
0-0: SINGLE (Line Drive, 5D) Júlio Camacho to third Daryl Moran to second Runner from 3rd tries for Home, SAFE, throw made home
|
Batting: RHB Brant Thigpen
|
0-0: Called Strike 0-1: Called Strike 0-2: Fly out, F8 (Flyball, 89D)
|
Bottom of the 1st over - 1 run, 1 hit, 0 errors, 2 left on base; Calgary 4 - Pawnee 1 |
TOP OF THE 2ND |
Calgary Lynx batting - Pitching for Pawnee ParksNRec : LHP Luis Cuero
|
Batting: RHB Michael Garrett
|
0-0: Ball 1-0: Ball 2-0: Fly out, F8 (Flyball, 8LS)
|
Batting: RHB Jing-sheng Joo
|
0-0: SINGLE (Groundball, 4MD)
|
Batting: LHB Francisco Santos
|
0-0: Ball 1-0: Ball 2-0: Swinging Strike 2-1: Fly out, F7 (Line Drive, 7)
|
Batting: RHB Ray Skipworth
|
0-0: Fly out, F8 (Flyball, 78M)
|
Top of the 2nd over - 0 runs, 1 hit, 0 errors, 1 left on base; Calgary 4 - Pawnee 1 |
BOTTOM OF THE 2ND |
Pawnee ParksNRec batting - Pitching for Calgary Lynx : RHP Juan López
|
Batting: RHB Britt Lynch
|
0-0: Ball 1-0: Called Strike 1-1: Swinging Strike 1-2: Foul Ball, location: 2F 1-2: Ball 2-2: Foul Ball, location: 2F 2-2: Ground out 5-3 (Groundball, 56)
|
Batting: RHB Michael Douglas
|
0-0: Called Strike 0-1: Swinging Strike 0-2: Foul Ball, location: 2F 0-2: Foul Ball, location: 2F 0-2: Strikes out looking
|
Batting: RHB Iván Rodríguez
|
0-0: Called Strike 0-1: Called Strike 0-2: Ball 1-2: Foul Ball, location: 2F 1-2: Ball 2-2: Ball 3-2: Ground out 5-3 (Groundball, 25)
|
Bottom of the 2nd over - 0 runs, 0 hits, 0 errors, 0 left on base; Calgary 4 - Pawnee 1 |
TOP OF THE 3RD |
Calgary Lynx batting - Pitching for Pawnee ParksNRec : LHP Luis Cuero
|
Batting: RHB Jesús Martínez
|
0-0: Called Strike 0-1: Foul Ball, location: 2F 0-2: Foul Ball, location: 2F 0-2: Foul Ball, location: 2F 0-2: Foul Ball, location: 2F 0-2: DOUBLE (Line Drive, 7LM)
|
Batting: RHB Miguel Rosales
|
0-0: Ball 1-0: Called Strike 1-1: Ball 2-1: Ball 3-1: Ground out 4-3 (Groundball, 4) Jesús Martínez to third
|
Batting: RHB Bass Reeves
|
0-0: Ball 1-0: Ball 2-0: Foul Ball, location: 2F 2-1: Ball 3-1: Called Strike 3-2: Base on Balls
|
Batting: SHB Lowell Moon
|
0-0: Called Strike 0-1: Swinging Strike 0-2: Ball 1-2: Ball 2-2: Foul Ball, location: 2F 2-2: Foul Ball, location: 2F 2-2: Fly out, F5 (Line Drive, 56)
|
Batting: RHB Ieyoshi Yamamoto
|
0-0: Foul Ball, location: 2F 0-1: Ball 1-1: Ball Passed Ball! Jesús Martínez scores Bass Reeves to second 2-1: Ball 3-1: Foul Ball, location: 2F 3-2: Foul Ball, location: 2F 3-2: Fly out, F9 (Flyball, 9LM)
|
Top of the 3rd over - 1 run, 1 hit, 0 errors, 1 left on base; Calgary 5 - Pawnee 1 |
BOTTOM OF THE 3RD |
Pawnee ParksNRec batting - Pitching for Calgary Lynx : RHP Juan López
|
Batting: SHB Júlio Camacho
|
0-0: Called Strike 0-1: Ball 1-1: Ball 2-1: Foul Ball, location: 2F 2-2: Foul Ball, location: 2F 2-2: Ball 3-2: Strikes out swinging
|
Batting: SHB Dennis Barraclough
|
0-0: Called Strike 0-1: Ball 1-1: Foul Ball, location: 2F 1-2: Strikes out swinging
|
Batting: RHB Nick Boyd
|
0-0: Called Strike 0-1: Ball 1-1: Foul Ball, location: 2F 1-2: Ball 2-2: Fly out, F9 (Flyball, 9LM)
|
Bottom of the 3rd over - 0 runs, 0 hits, 0 errors, 0 left on base; Calgary 5 - Pawnee 1 |
TOP OF THE 4TH |
Calgary Lynx batting - Pitching for Pawnee ParksNRec : LHP Luis Cuero
|
Batting: RHB Michael Garrett
|
0-0: Fly out, F8 (Flyball, 8RS)
|
Batting: RHB Jing-sheng Joo
|
0-0: Called Strike 0-1: Ball 1-1: Ground out 6-3 (Groundball, 56)
|
Batting: LHB Francisco Santos
|
0-0: Ball 1-0: Called Strike 1-1: Ball 2-1: Ground out U3 (Groundball, 3)
|
Top of the 4th over - 0 runs, 0 hits, 0 errors, 0 left on base; Calgary 5 - Pawnee 1 |
BOTTOM OF THE 4TH |
Pawnee ParksNRec batting - Pitching for Calgary Lynx : RHP Juan López
|
Batting: RHB Daryl Moran
|
0-0: Ball 1-0: Ball 2-0: Ball 3-0: Called Strike 3-1: Ground out 4-3 (Groundball, 4S)
|
Batting: RHB Ken Bone
|
0-0: Called Strike 0-1: Foul Ball, location: 2F 0-2: Strikes out swinging
|
Pitching: RHP Bill Ball
|
|
Batting: RHB Brant Thigpen
|
0-0: Ball 1-0: Called Strike 1-1: Called Strike 1-2: Ball 2-2: Foul Ball, location: 2F 2-2: DOUBLE (Groundball, 5L)
|
Batting: RHB Britt Lynch
|
0-0: Ball 1-0: Called Strike 1-1: 2-RUN HOME RUN (Flyball, 7LD), Distance : 378 ft
|
Batting: RHB Michael Douglas
|
0-0: Ball 1-0: Ground out 4-3 (Groundball, 4)
|
Bottom of the 4th over - 2 runs, 2 hits, 0 errors, 0 left on base; Calgary 5 - Pawnee 3 |
TOP OF THE 5TH |
Calgary Lynx batting - Pitching for Pawnee ParksNRec : LHP Luis Cuero
|
Batting: RHB Ray Skipworth
|
0-0: Ball 1-0: Called Strike 1-1: Ball 2-1: Ball 3-1: SINGLE (Groundball, 56D)
|
Batting: RHB Jesús Martínez
|
0-0: Ball 1-0: Swinging Strike 1-1: Ball 2-1: Ball 3-1: Foul Ball, location: 2F 3-2: Fly out, F8 (Flyball, 8LD)
|
Batting: RHB Miguel Rosales
|
0-0: Ball 1-0: Swinging Strike Ray Skipworth steals 2nd base 1-1: SINGLE (Line Drive, 6MD) Ray Skipworth to third
|
Batting: RHB Bass Reeves
|
Pickoff Throw to First - Out! 0-0: Ball 1-0: Called Strike 1-1: Ball 2-1: Fly out, F6 (Line Drive, 6)
|
Top of the 5th over - 0 runs, 2 hits, 0 errors, 1 left on base; Calgary 5 - Pawnee 3 |
BOTTOM OF THE 5TH |
Pawnee ParksNRec batting - Pitching for Calgary Lynx : RHP Bill Ball
|
Batting: RHB Iván Rodríguez
|
0-0: DOUBLE (Line Drive, 7LD)
|
Batting: SHB Júlio Camacho
|
0-0: Called Strike 0-1: Ground out 3-1 (Groundball, 34S) Iván Rodríguez to third
|
Batting: SHB Dennis Barraclough
|
0-0: Ball 1-0: Called Strike 1-1: Ball 2-1: Foul Ball, location: 2F 2-2: Ground out U3 (Groundball, 3L)
|
Batting: RHB Nick Boyd
|
0-0: Called Strike 0-1: Called Strike 0-2: Foul Ball, location: 2F 0-2: Fly out, F3 (Popup, 3SF)
|
Bottom of the 5th over - 0 runs, 1 hit, 0 errors, 1 left on base; Calgary 5 - Pawnee 3 |
TOP OF THE 6TH |
Calgary Lynx batting - Pitching for Pawnee ParksNRec : LHP Luis Cuero
|
Batting: SHB Lowell Moon
|
0-0: Swinging Strike 0-1: SINGLE (Line Drive, 8LS)
|
Batting: RHB Ieyoshi Yamamoto
|
0-0: Called Strike 0-1: Ball 1-1: Ball 2-1: DOUBLE (Flyball, 8LXD) Lowell Moon to third
|
Pitching: RHP Justin Barber
|
|
Batting: RHB Michael Garrett
|
0-0: Ball 1-0: Ball 2-0: Called Strike 2-1: Foul Ball, location: 2F 2-2: Ball 3-2: Strikes out looking
|
Batting: RHB Jing-sheng Joo
|
0-0: Ball 1-0: Ball 2-0: Ball 3-0: Base on Balls
|
Batting: LHB Francisco Santos
|
0-0: Ball 1-0: Foul Ball, location: 2F 1-1: Swinging Strike 1-2: Strikes out swinging
|
Batting: RHB Ray Skipworth
|
0-0: Called Strike 0-1: Ball 1-1: Ball 2-1: Ball 3-1: SINGLE (Groundball, 34D) Lowell Moon scores Ieyoshi Yamamoto to third Jing-sheng Joo to second Runner from 3rd tries for Home, SAFE, throw made home
|
Batting: RHB Jesús Martínez
|
0-0: Ball 1-0: Ball 2-0: Foul Ball, location: 2F 2-1: Foul Ball, location: 2F 2-2: Foul Ball, location: 2F 2-2: Foul Ball, location: 2F 2-2: Strikes out looking
|
Top of the 6th over - 2 runs, 3 hits, 0 errors, 2 left on base; Calgary 7 - Pawnee 3 |
BOTTOM OF THE 6TH |
Pawnee ParksNRec batting - Pitching for Calgary Lynx : RHP Bill Ball
|
Batting: RHB Daryl Moran
|
0-0: Called Strike 0-1: Ball 1-1: Fly out, F8 (Flyball, 8RD)
|
Pitching: RHP José Marroquín
|
|
Batting: RHB Ken Bone
|
0-0: Ball 1-0: Foul Ball, location: 2F 1-1: Ball 2-1: Foul Ball, location: 2F 2-2: Ball 3-2: Strikes out swinging
|
Batting: RHB Brant Thigpen
|
0-0: Called Strike 0-1: Foul Ball, location: 2F 0-2: SINGLE (Line Drive, 78S)
|
Batting: RHB Britt Lynch
|
0-0: Called Strike 0-1: Ball 1-1: Foul Ball, location: 2F 1-2: Ball 2-2: Strikes out swinging
|
Bottom of the 6th over - 0 runs, 1 hit, 0 errors, 1 left on base; Calgary 7 - Pawnee 3 |
TOP OF THE 7TH |
Calgary Lynx batting - Pitching for Pawnee ParksNRec : RHP Justin Barber
|
Batting: RHB Miguel Rosales
|
0-0: Foul Ball, location: 2F 0-1: Ground out 4-3 (Groundball, 4M)
|
Batting: RHB Bass Reeves
|
0-0: Foul Ball, location: 2F 0-1: SINGLE (Groundball, 6MD)
|
Batting: SHB Lowell Moon
|
0-0: Swinging Strike 0-1: Grounds into double play, 4-6-3 (Groundball, 4M)
|
Top of the 7th over - 0 runs, 1 hit, 0 errors, 0 left on base; Calgary 7 - Pawnee 3 |
BOTTOM OF THE 7TH |
Pawnee ParksNRec batting - Pitching for Calgary Lynx : RHP José Marroquín
|
Batting: RHB Michael Douglas
|
0-0: SINGLE (Line Drive, 34D)
|
Batting: RHB Iván Rodríguez
|
0-0: Called Strike 0-1: Ball 1-1: Ball 2-1: Ball 3-1: Called Strike 3-2: Foul Ball, location: 2F 3-2: Strikes out swinging
|
Batting: SHB Júlio Camacho
|
0-0: Ball 1-0: Called Strike 1-1: Ball 2-1: Ground out U3 (Groundball, 34) Michael Douglas to second
|
Batting: SHB Dennis Barraclough
|
0-0: Called Strike 0-1: Fly out, F4 (Popup, 4MD)
|
Bottom of the 7th over - 0 runs, 1 hit, 0 errors, 1 left on base; Calgary 7 - Pawnee 3 |
TOP OF THE 8TH |
Calgary Lynx batting - Pitching for Pawnee ParksNRec : RHP Justin Barber
|
Batting: RHB Ieyoshi Yamamoto
|
0-0: Foul Ball, location: 2F 0-1: Ball 1-1: Ball 2-1: Foul Ball, location: 2F 2-2: Ball 3-2: Fly out, F3 (Popup, 3F)
|
Batting: RHB Michael Garrett
|
0-0: Foul Ball, location: 2F 0-1: Fly out, F8 (Flyball, 89S)
|
Batting: RHB Jing-sheng Joo
|
0-0: Called Strike 0-1: Ball 1-1: Fly out, F8 (Line Drive, 89S)
|
Top of the 8th over - 0 runs, 0 hits, 0 errors, 0 left on base; Calgary 7 - Pawnee 3 |
BOTTOM OF THE 8TH |
Pawnee ParksNRec batting - Pitching for Calgary Lynx : RHP José Marroquín
|
Batting: RHB Nick Boyd
|
0-0: Ball 1-0: Fly out, F7 (Line Drive, 7)
|
Batting: RHB Daryl Moran
|
0-0: Ball 1-0: Swinging Strike 1-1: Ball 2-1: Ball 3-1: Foul Ball, location: 2F 3-2: Foul Ball, location: 2F 3-2: Base on Balls
|
Batting: RHB Ken Bone
|
0-0: Called Strike 0-1: Fly out, F4 (Flyball, 34D)
|
Batting: RHB Brant Thigpen
|
0-0: Foul Ball, location: 2F 0-1: Ball 1-1: SINGLE (Line Drive, 56D) Daryl Moran to second
|
Batting: RHB Britt Lynch
|
0-0: Fly out, F8 (Line Drive, 78D)
|
Bottom of the 8th over - 0 runs, 1 hit, 0 errors, 2 left on base; Calgary 7 - Pawnee 3 |
TOP OF THE 9TH |
Calgary Lynx batting - Pitching for Pawnee ParksNRec : RHP Justin Barber
|
Batting: LHB Francisco Santos
|
0-0: Fly out, F8 (Flyball, 89D)
|
Batting: RHB Ray Skipworth
|
0-0: Called Strike 0-1: Ball 1-1: Foul Ball, location: 2F 1-2: Ball 2-2: Strikes out looking
|
Batting: RHB Jesús Martínez
|
0-0: Fly out, F4 (Popup, 4)
|
Top of the 9th over - 0 runs, 0 hits, 0 errors, 0 left on base; Calgary 7 - Pawnee 3 |
BOTTOM OF THE 9TH |
Pawnee ParksNRec batting - Pitching for Calgary Lynx : RHP José Marroquín
|
Batting: RHB Michael Douglas
|
0-0: Called Strike 0-1: Called Strike 0-2: Ball 1-2: Foul Ball, location: 2F 1-2: DOUBLE (Line Drive, 8RXD)
|
Batting: RHB Iván Rodríguez
|
0-0: Called Strike 0-1: Foul Ball, location: 2F 0-2: Ball 1-2: Ball 2-2: Ball 3-2: Fly out, F8 (Flyball, 8LM)
|
Batting: SHB Júlio Camacho
|
0-0: Called Strike 0-1: Ball 1-1: SINGLE (Line Drive, 4D) Michael Douglas to third
|
Pitching: RHP Juan Deliz
|
|
Batting: SHB Dennis Barraclough
|
0-0: Called Strike 0-1: SINGLE (Line Drive, 6M) Michael Douglas scores Júlio Camacho to second
|
Batting: RHB Nick Boyd
|
0-0: Called Strike 0-1: Swinging Strike 0-2: Ball 1-2: Fly out, F3 (Popup, 3SF)
|
Batting: RHB Daryl Moran
|
0-0: Ball 1-0: Ball 2-0: Ball 3-0: Called Strike 3-1: Foul Ball, location: 2F 3-2: Base on Balls Júlio Camacho to third Dennis Barraclough to second
|
Batting: RHB Ken Bone
|
0-0: Called Strike 0-1: Swinging Strike 0-2: Ball 1-2: SINGLE (Line Drive, 4D) Júlio Camacho scores Dennis Barraclough to third Daryl Moran to second
|
Batting: RHB Brant Thigpen
|
0-0: Ball 1-0: Ground out 1-3 (Groundball, 13)
|
Bottom of the 9th over - 2 runs, 4 hits, 0 errors, 3 left on base; Calgary 7 - Pawnee 5 |
|